 Dungeon Crawl Stone Soup version 0.30.1-11-g7821555f0a (webtiles) character file.

Game seed: 9808327530991801775

130 Okkudo the Chopper (level 5, -1/45 HPs)
             Began as a Hill Orc Monk on Dec 10, 2023.
             Slain by a scorpion (2 damage)
             ... on level 4 of the Dungeon.
             The game lasted 00:05:06 (1875 turns).

Okkudo the Chopper (Hill Orc Monk)                  Turns: 1875, Time: 00:05:08

Health: -1/45      AC:  5    Str: 16    XL:     5   Next: 13%
Magic:  5/5        EV: 11    Int: 10    God:
Gold:   93         SH:  0    Dex: 13    Spells: 4/4 levels left

rFire   + . .        a - +0 hand axe
rCold   . . .        d - orb {light}
rNeg    . . .        h - +0 ring mail
rPois   .            (no helmet)
rElec   .            (no cloak)
rCorr   .            (no gloves)
SInv    .            (no boots)
Will    .....        (no amulet)
Stlth   +            l - ring of fire
HPRegen 0.27/turn    o - ring of protection from cold
MPRegen 0.09/turn

%: no passive effects
@: lethally poisoned (-1 -> -20), glowing
A: no striking features
a: no special abilities


You were on level 4 of the Dungeon.
You visited 1 branch of the dungeon, and saw 4 of its levels.

You collected 93 gold pieces.

Inventory:

Hand Weapons
 a - a +0 hand axe (weapon)
Missiles
 k - 2 javelins (quivered)
Armour
 d - an orb of light (worn)
 h - a +0 ring mail (worn)
Jewellery
 l - a ring of fire (left hand)
 o - a ring of protection from cold (right hand)
Wands
 r - a wand of quicksilver (1)
Scrolls
 b - 3 scrolls of magic mapping {unknown}
 i - 2 scrolls of noise {unknown}
 j - a scroll of amnesia {unknown}
 m - a scroll of blinking {unknown}
 q - a scroll of vulnerability {unknown}
Potions
 c - 3 potions of ambrosia
 e - 3 potions of haste {unknown}
 f - 2 potions of brilliance {unknown}
 g - 2 potions of attraction {unknown}
 n - a potion of mutation {unknown}
 p - 2 potions of lignification {unknown}


   Skills:
 - Level 3.6 Fighting
 * Level 7.5 Axes
 - Level 2.4 Dodging


You had 4 spell levels left.
You didn't know any spells.
Your spell library contained the following spells:

 Spells                   Type           Power      Damage    Failure   Level
 Freeze                   Ice            0%         1d3       58%         1
 Cigotuvi's Dreadful Rot  Necr/Pois/Air  0%         N/A       73%         2
 Frozen Ramparts          Ice            0%         1d1       91%         3
 Hailstorm                Conj/Ice       0%         3d3       91%         3
 Ignite Poison            Fire/Tmut/Pois 0%         N/A       91%         3
 Summon Lightning Spire   Summ/Air       0%         N/A       100%        4
 Freezing Cloud           Conj/Ice/Air   0%         6-21      100%        5
 Storm Form               Tmut/Air       0%         N/A       100%        7
 Maxwell's Capacitive Co  Air            0%         ∞         100%        8


Dungeon Overview and Level Annotations

Branches:
Dungeon (4/15)
 Temple: D:4-7

Altars:

Shops:
D:2 [


Message History

The scorpion moves out of view.
You hit the scorpion.
The scorpion is lightly wounded.
The scorpion stings you but does no damage.
You barely miss the scorpion.
The scorpion is lightly wounded.
The scorpion stings you but does no damage.
You hit the scorpion but do no damage.
The scorpion is lightly wounded.
The scorpion barely misses you.
You hit the scorpion.
The scorpion is lightly wounded.
The scorpion misses you.
You hit the scorpion but do no damage.
The scorpion is lightly wounded.
You barely miss the scorpion.
The scorpion stings you but does no damage.
The scorpion stings you.
* * * LOW HITPOINT WARNING * * *
The scorpion stings you but does no damage.
The scorpion stings you.
* * * LOW HITPOINT WARNING * * *
You are lethally poisoned!
The scorpion poisons you!
You hit the scorpion.
The scorpion is heavily wounded.
You hit the scorpion but do no damage.
* * * LOW HITPOINT WARNING * * *
You feel very sick. The scorpion closely misses you. The scorpion stings you.
* * * LOW HITPOINT WARNING * * *
You are more poisoned.
The scorpion poisons you!
You hit the scorpion but do no damage.
The scorpion is heavily wounded.
You hit the scorpion.
* * * LOW HITPOINT WARNING * * *
You feel very sick. The scorpion stings you.
You die...

#########
.s......#
#†# #s# #@#
#s# .^.
.....
.......
.#.....#.
..##...##.#
#. ###.# #


You could see 2 scorpions.

Vanquished Creatures
  A gnoll (D:3)
  5 adders
  A white imp (D:3)
  2 worms (D:2)
  7 bats
  6 endoplasms
  A giant cockroach (D:1)
  4 goblins
  4 hobgoblins
  10 kobolds
  2 quokkas
  11 ball pythons
  2 frilled lizards
  7 rats
63 creatures vanquished.

Notes
Turn   | Place    | Note
-------+----------+-------------------------------------------
     0 | D:1      | Okkudo the Hill Orc Monk began the quest for the Orb.
     0 | D:1      | Reached XP level 1. HP: 19/19 MP: 1/1
    84 | D:1      | Reached XP level 2. HP: 24/26 MP: 2/2
   144 | D:1      | Reached skill level 5 in Axes
   411 | D:1      | Reached XP level 3. HP: 30/31 MP: 3/3
   758 | D:2      | Reached skill level 6 in Axes
   964 | D:2      | Found Voeqiawn's Armour Emporium.
   978 | D:2      | Reached XP level 4. HP: 27/39 MP: 4/4
  1493 | D:3      | Reached skill level 7 in Axes
  1799 | D:3      | Reached XP level 5. HP: 43/45 MP: 5/5
  1875 | D:4      | HP: 1/45 [poisoned by a scorpion]
  1875 | D:4      | Slain by a scorpion

Illustrated notes

Levels and vault maps discovered:
D:1:      mrwooster_arrival_arrow, layout_basic
D:2:      layout_rooms, serial_shops, nicolae_shop_trees, minmay_misc_feat_rows,
          grunt_ministairs_15
D:3:      layout_loops_corners, serial_shops, shop
D:4:      layout_loops_ring

Skill      XL: |  1  2  3  4 |
---------------+-------------+-----
Axes           | 5 6 7 |  7.5
Fighting       | |  3.6
Dodging        | |  2.4

Action                     |  1- 3 |  4- 6 || total
---------------------------+-------+-------++-------
  Melee: Hand axe          |   131 |    79 ||   210
 Armour: Robe              |     7 |       ||     7
         Ring mail         |    39 |    37 ||    76
  Dodge: Dodged            |    73 |    41 ||   114
